 Dungeon Crawl Stone Soup version 0.27-a0-1200-g94dc6ad4cf (console) character file.

Game seed: 15505147954067504162

1182 Hector the Cutter (level 8, -5/40 HPs)
             Began as a Spriggan Abyssal Knight on May 31, 2021.
             Was an Elder of Lugonu.
             Killed from afar by an orc wizard (13 damage)
             ... with a puff of flame
             ... on level 6 of the Dungeon.
             The game lasted 00:21:16 (9623 turns).

Hector the Cutter (Spriggan Abyssal Knight)         Turns: 9623, Time: 00:21:16

Health: -5/40      AC:  2    Str: 12    XL:     8   Next: 19%
Magic:  24/24      EV: 19    Int: 19    God:    Lugonu [****..]
Gold:   270        SH:  0    Dex: 14    Spells: 15/15 levels left

rFire    . . .     SeeInvis +   a - +3 short sword {vamp, Str+4 Int+3}
rCold    . . .     Faith    .   (shield restricted)
rNeg     . . .     Spirit   .   A - +0 robe
rPois    .         Reflect  .   (helmet restricted)
rElec    .         Harm     .   (no cloak)
rCorr    .         Rampage  .   (gloves unavailable)
Will     +....                  (boots unavailable)
Stlth    +++.......             x - amulet of magic regeneration
HPRegen  0.13/turn              I - ring of magical power
MPRegen  0.44/turn              (no ring)

@: very quick
A: very small, no large weapons, unfitting armour, see invisible, speed 3
a: Renounce Religion, Depart the Abyss, Bend Space, Banish, Corrupt


You were on level 6 of the Dungeon.
You worshipped Lugonu.
Lugonu was greatly pleased with you.
You visited 1 branch of the dungeon, and saw 8 of its levels.
You visited the Abyss 1 time.

You collected 270 gold pieces.

Inventory:

Hand Weapons
 a - the +3 short sword "Fatoilog" (weapon) {vamp, Str+4 Int+3}
   (You found it on level 4 of the Dungeon)

   It inflicts no extra harm, but heals its wielder when it wounds a living foe.
   It affects your strength (+4).
   It affects your intelligence (+3).
 b - a +1 dagger of venom
 c - a +2 dagger of holy wrath
 g - a +0 rapier
 i - a +1 short sword
 H - the +11 hand axe "Beetleslayer" {vorpal, +Rage rF+++ Dex-3 SInv}
   (You found it on level 6 of the Dungeon)

   It inflicts extra damage upon your enemies.
   It affects your dexterity (-3).
   It renders you almost immune to fire.
   It lets you see invisible.
   It lets you go berserk.
Missiles
 d - 205 stones
 E - a throwing net
 J - 2 poisoned darts
Armour
 A - a +0 robe (worn)
Jewellery
 l - a ring of flight
 x - an amulet of magic regeneration (around neck)
 I - a ring of magical power (left hand)
 K - the ring of Nydidew {*Slow rCorr Int+4}
   (You found it on level 6 of the Dungeon)

   [ring of resist corrosion]

   It affects your intelligence (+4).
   It protects you from acid and corrosion.
   It may slow you when you take damage.
Wands
 o - a wand of mindburst (13)
 q - a wand of iceblast (8)
 B - a wand of charming (10)
Scrolls
 e - a scroll of blinking {unknown}
 f - 3 scrolls of identify {unknown}
 h - 5 scrolls of magic mapping {unknown}
 k - a scroll of fog {unknown}
 n - 5 scrolls of teleportation {unknown}
 p - a scroll of enchant weapon {unknown}
 y - a scroll of acquirement {unknown}
 C - a scroll of noise {unknown}
 D - a scroll of silence {unknown}
 G - a scroll of holy word {unknown}
Potions
 j - a potion of heal wounds {unknown}
 m - 2 potions of attraction {unknown}
 r - 4 potions of curing {unknown}
 s - 2 potions of magic {unknown}
 t - a potion of lignification {unknown}
 u - a potion of degeneration {unknown}
 v - a potion of berserk rage {unknown}
 w - a potion of flight {unknown}
 z - a potion of resistance {unknown}
 F - a potion of might {unknown}


   Skills:
 + Level 3.4 Fighting
 * Level 7.5 Short Blades
 + Level 5.3 Dodging
 * Level 6.7 Stealth
 * Level 4.0 Spellcasting
 - Level 1.7 Invocations


You had 15 spell levels left.
You didn't know any spells.
Your spell library was empty.

Dungeon Overview and Level Annotations

Branches:
Dungeon (8/15)
 Temple: D:4-7         Lair: D:8-11

Altars:
Cheibriados
Qazlal
The Shining One

Annotations:
D:4 Edmund, Sigmund


Innate Abilities, Weirdness & Mutations

You are very small and have problems with some larger weapons.
You are too small for most types of armour.
You have supernaturally acute eyesight. (SInv)
You cover ground extremely quickly. (Speed+++)


Message History

The orc wizard misses you.
You closely miss the orc wizard.
The orc wizard is heavily wounded.
The orc wizard hits you but does no damage.
You barely miss the orc wizard.
The orc wizard is heavily wounded.
The orc wizard closely misses you.
You closely miss the orc wizard.
The orc wizard is heavily wounded.
The orc wizard points at you and mumbles some strange words.
You are confused.
You bump into the rock wall.
The orc wizard closely misses you. The orc wizard misses you.
You barely miss the orc wizard.
The orc wizard is heavily wounded.
The orc wizard hits you but does no damage.
You closely miss the orc wizard.
The orc wizard is heavily wounded.
The orc wizard casts a spell at you. The magic dart hits you.
You barely miss the orc wizard.
The orc wizard is heavily wounded.
The orc wizard closely misses you.
You hit the orc wizard but do no damage.
The orc wizard is heavily wounded.
The orc wizard misses you.
You bump into the rock wall.
You feel less confused.
The orc wizard points at you and mumbles some strange words.
The magic dart hits you!
* * * LOW HITPOINT WARNING * * *
You hit the orc wizard.
You feel better.
The orc wizard is severely wounded.
The orc wizard hits you with a +0 dagger.
* * * LOW HITPOINT WARNING * * *
You closely miss the orc wizard.
The orc wizard is severely wounded.
The orc wizard points at you and mumbles some strange words.
The puff of flame hits you!
You die...

######################
....o........o.......#
#.#######)##########.### #.##
#.#.....@o.)...# ...#
#.#.########.#.#
#..######....####......##########
#........#.....##.##.............
........#....#.##.##.#.#########.
#..####.#.#.## ##.##.#.####### #.
#..# #.#.#.##.##.#....c.....# #.
#..####....................#.# #.
#...........########.#####.#.# ##


You could see an orc wizard (fast, invisible).

Vanquished Creatures
  An ice beast (D:6)
  A black bear (D:4)
  2 ogres (D:5)
  A centaur (D:6)
  Blork the orc (D:4)
  A kobold brigand (D:6)
  A scorpion (D:6)
  A water moccasin skeleton (D:4)
  A bullfrog zombie (D:5)
  2 centaur skeletons
  2 hounds (D:5)
  4 jellies
  An iguana (D:2)
  Robin (D:4)
  7 adders
  A white imp (D:6)
  An adder skeleton (D:4)
  5 worms
  2 dart slugs
  8 orcs
  6 ball pythons
  8 bats
  11 endoplasms
  10 goblins
  9 hobgoblins
  7 jackals
  14 kobolds
  5 quokkas
  4 frilled lizards
  4 rats
122 creatures vanquished.

Vanquished Creatures (others)
  A plant (D:4)
1 creature vanquished.

Grand Total: 123 creatures vanquished

Notes
Turn   | Place    | Note
-------+----------+-------------------------------------------
     0 | Abyss:1  | Hector the Spriggan Abyssal Knight began the quest for the
                  | Orb.
     0 | Abyss:1  | Reached XP level 1. HP: 11/11 MP: 3/3
    65 | D:1      | Escaped the Abyss
   458 | D:1      | Reached XP level 2. HP: 5/16 MP: 4/4
   851 | D:1      | Reached skill level 1 in Stealth
  2132 | D:2      | You fall into a shaft and drop 2 floors!
  2142 | D:4      | Reached skill level 3 in Short Blades
  2142 | D:4      | Reached XP level 3. HP: 16/19 MP: 5/5
  2258 | D:4      | Noticed a black bear
  2297 | D:4      | Identified the +3 short sword "Fatoilog" {vamp, Str+4
                  | Int+3}
  2321 | D:3      | Reached ** piety under Lugonu
  2322 | D:3      | Reached skill level 1 in Spellcasting
  2736 | D:2      | Reached XP level 4. HP: 23/23 MP: 7/7
  4003 | D:3      | Found a stormy altar of Qazlal.
  4181 | D:3      | Reached skill level 4 in Short Blades
  4468 | D:3      | Reached XP level 5. HP: 28/28 MP: 8/8
  5263 | D:3      | Found a faded altar of an unknown god.
  5343 | D:4      | Noticed Robin
  5427 | D:4      | Killed Robin
  5493 | D:3      | Reached *** piety under Lugonu
  5721 | D:4      | Noticed Blork the orc
  5736 | D:4      | Killed Blork the orc
  5737 | D:4      | Reached XP level 6. HP: 5/32 MP: 10/10
  6036 | D:4      | Reached skill level 5 in Short Blades
  6222 | D:4      | Noticed Edmund
  6721 | D:4      | Noticed Sigmund
  6751 | D:5      | Entered Level 5 of the Dungeon
  7477 | D:5      | Reached skill level 6 in Short Blades
  7477 | D:5      | Reached XP level 7. HP: 36/36 MP: 12/12
  7573 | D:5      | Reached skill level 5 in Stealth
  7575 | D:5      | Found a snail-covered altar of Cheibriados.
  7796 | D:5      | Found a glowing golden altar of the Shining One.
  8155 | D:6      | Identified the +11 hand axe "Beetleslayer" {vorpal, +Rage
                  | rF+++ Dex-3 SInv}
  8160 | D:6      | You fall into a shaft and drop 2 floors!
  8500 | D:6      | Reached skill level 7 in Short Blades
  8500 | D:6      | Reached skill level 5 in Dodging
  8792 | D:6      | Reached XP level 8. HP: 40/40 MP: 14/14
  9277 | D:6      | Identified the ring of Nydidew {*Slow rCorr Int+4}
  9607 | D:6      | Reached **** piety under Lugonu
  9623 | D:6      | Killed from afar by an orc wizard

Illustrated notes

Levels and vault maps discovered:
D:1:      saegor_arrival_simple_a, layout_loops_ring, minmay_indecisive_spiral
D:2:      wad_river_or_something, layout_basic
D:3:      layout_loops_corners, grunt_qazlal_clouds,
          hellmonk_ecumenical_altar_leap_of_faith, hangedman_glass_teeth
D:4:      layout_loops_cross, sigmund_edmund_badplayer, uniq_blork_the_orc,
          uniq_robin
D:5:      layout_loops_ring, marbit_many_paths, lemuel_round_altar
D:6:      layout_loops_ring
D:7:      layout_basic, minmay_temple_entry_tees
D:8:      layout_cave_pods, kennysheep_mini_moat, dpeg_oklobed_lair,
          serial_shops, nicolae_shop_competitors_out_of_business

Skill      XL: |  1  2  3  4  5  6  7  8 |
---------------+-------------------------+-----
Stealth        | 1 2 3 4 6 |  6.7
Short Blades   | 3 4 6 7 |  7.5
Spellcasting   | 1 2 3 4 |  4.0
Dodging        | 4 5 |  5.3
Fighting       | 3 |  3.4
Invocations    | |  1.7

Action                   |  1- 3 |  4- 6 |  7- 9 || total
-------------------------+-------+-------+-------++-------
Melee: Short sword       |   164 |   223 |    97 ||   484
       Dagger            |       |     6 |    44 ||    50
 Stab: Sleeping          |     5 |     5 |     4 ||    14
       Distracted        |       |     2 |     3 ||     5
Armor: Robe              |    15 |    13 |     9 ||    37
Dodge: Dodged            |   125 |   153 |    94 ||   372

Table legend: (Time is in decaauts)
 A = Elapsed time spent in this place.
 B = Non-inter-level travel time spent in this place.
 C = Inter-level travel time spent in this place.
 D = Time resting spent in this place.
 E = Time spent auto-exploring this place.
 F = Levels seen in this place.
 G = Mean time per level.
                   A        B        C        D        E       F      G
               +--------+--------+--------+--------+--------+-----+--------+
         Total |   7452 |   7070 |    382 |   1825 |   3748 |   9 |  828.0 |
       Dungeon |   7413 |   7031 |    382 |   1825 |   3714 |   8 |  926.6 |
         Abyss |     39 |     39 |      0 |      0 |     34 |   1 |   39.0 |
               +--------+--------+--------+--------+--------+-----+--------+

Top non-repeatable levels by time:
     D:1: 1670 daAuts
     D:2: 1288 daAuts
     D:4: 1174 daAuts
     D:3: 1089 daAuts
     D:5: 1026 daAuts
     D:6: 891 daAuts
     D:7: 250 daAuts
 Abyss:1: 39 daAuts
     D:8: 22 daAuts
